 Dungeon Crawl Stone Soup version 0.29-a0-275-g389c0b56f3 (webtiles) character file.

Game seed: 7787192727661453974

72 horus123 the Bolt Thrower (level 4, -1/26 HPs)
             Began as a Kobold Hunter on Mar 12, 2022.
             Slain by a gnoll
             ... wielding a +0 flail
              (6 damage)
             ... on level 3 of the Dungeon.
             The game lasted 00:03:04 (2111 turns).

horus123 the Bolt Thrower (Kobold Hunter)           Turns: 2111, Time: 00:03:05

Health: -1/26      AC:  5    Str:  9    XL:     4   Next: 50%
Magic:  4/4        EV: 13    Int: 12    God:
Gold:   149        SH:  0    Dex: 17    Spells: 3/3 levels left

rFire   . . .      SeeInvis .   a - +2 hand crossbow
rCold   . . .      Faith    .   (no shield)
rNeg    . . .      Spirit   .   d - +0 ring mail
rPois   .          Reflect  .   (no helmet)
rElec   .          Harm     .   (no cloak)
rCorr   .          Rampage  .   (no gloves)
Will    .....                   (no boots)
Stlth   ++........              (no amulet)
HPRegen 0.08/turn               (no ring)
MPRegen 0.09/turn               (no ring)

@: no status effects
A: small, no large weapons, nightstalker 3
a: no special abilities


You were on level 3 of the Dungeon.
You visited 1 branch of the dungeon, and saw 3 of its levels.

You collected 149 gold pieces.

Inventory:

Hand Weapons
 a - a +2 hand crossbow (weapon)
 h - a +0 rapier
Armour
 d - a +0 ring mail (worn)
Scrolls
 c - 2 scrolls of immolation
 e - a scroll of fog
 f - 2 scrolls of identify
Potions
 b - a potion of cancellation
 g - a potion of attraction
 i - a potion of flight {unknown}


   Skills:
 - Level 2.1 Fighting
 + Level 7.5 Crossbows
 - Level 2.4 Dodging
 - Level 1.3 Stealth


You had 3 spell levels left.
You didn't know any spells.
Your spell library was empty.

Dungeon Overview and Level Annotations

Branches:
Dungeon (3/15)

Altars:


Innate Abilities, Weirdness & Mutations

You are small and have problems with some larger weapons.
You are completely attuned to the shadows.


Message History

You shoot a bolt. The bolt hits the ball python.
You kill the ball python!
Found a robe.
Found a ring mail.
You now have 131 gold pieces (gained 5).
You hear the slow rusting of a very distant drain.
Found a stone staircase leading down.
There is a stone staircase leading down here.
A frilled lizard comes into view.
You shoot a bolt. The bolt hits the frilled lizard!
You kill the frilled lizard!
i - a white potion You hear the slow rusting of a very distant drain.
You now have 149 gold pieces (gained 18).
Found 21 stones and 6 poisoned darts.
A gnoll and an orc come into view.
The gnoll shouts!
The orc shouts!
You hear a shout!
A gnoll comes into view. It is wielding a +0 halberd.
You shoot a bolt. The gnoll shouts!
The bolt hits the gnoll.
The gnoll is moderately wounded.
A gnoll comes into view. It is wielding a +0 halberd.
You shoot a bolt. The bolt barely misses the gnoll.
A bat comes into view.
The orc hits you but does no damage. The gnoll hits you with a +0 flail!
The gnoll completely misses you. The orc attacks as you move away!
The orc hits you but does no damage. The gnoll attacks as you move away!
The gnoll completely misses you. The gnoll attacks as you move away!
The gnoll misses you. The gnoll attacks as you move away!
The gnoll hits you with a +0 flail. The gnoll attacks as you move away!
The gnoll closely misses you. The gnoll attacks as you move away!
The gnoll barely misses you. The gnoll attacks as you move away!
The gnoll barely misses you. The gnoll attacks as you move away!
The gnoll misses you. The gnoll attacks as you move away!
The gnoll hits you with a +0 flail!
* * * LOW HITPOINT WARNING * * *
The gnoll attacks as you move away! The gnoll closely misses you.
The gnoll attacks as you move away! The gnoll hits you with a +0 flail.
You die...

####.#.###.#...[....#
......##
#....#...........####
##.####
#.#....###.#####...#
#. #.#.##.# #.# #...#
#...##.###.# #...#
########...# ##...##
#.#.####......
#.............
#.....g@......
#...#########.
##..#.......
#..#..#.#..
#..#.(.#... #..#.(.
#..#... #..#..#.#
#..#K....


You could see a gnoll.

Vanquished Creatures
  Jessica (D:2)
  A gnoll (D:1)
  2 worms (D:2)
  2 dart slugs
  2 endoplasms (D:1)
  A giant cockroach (D:1)
  4 goblins
  2 hobgoblins (D:1)
  4 ball pythons
  5 bats
  A frilled lizard (D:3)
  2 kobolds
  4 rats
31 creatures vanquished.

Notes
Turn   | Place    | Note
-------+----------+-------------------------------------------
     0 | D:1      | horus123 the Kobold Hunter began the quest for the Orb.
     0 | D:1      | Reached XP level 1. HP: 12/12 MP: 1/1
   285 | D:1      | Reached XP level 2. HP: 17/17 MP: 2/2
   400 | D:1      | Reached skill level 6 in Crossbows
   503 | D:1      | Reached XP level 3. HP: 21/21 MP: 3/3
  1098 | D:2      | Noticed Jessica
  1101 | D:2      | Killed Jessica
  1102 | D:2      | Reached skill level 7 in Crossbows
  1102 | D:2      | Reached XP level 4. HP: 22/26 MP: 4/4
  2111 | D:3      | Slain by a gnoll

Illustrated notes

Levels and vault maps discovered:
D:1:      dpeg_cavernosity, layout_basic, minmay_misc_feat_more_columns
D:2:      layout_loops_corners, minmay_misc_feat_five, uniq_jessica
D:3:      layout_basic, mainiacjoe_overflow_cross_hatched,
          lightli_sewer_entry_pipes, gammafunk_ghost_split,
          chequers_serial_rivers_small_a

Skill      XL: |  1  2  3 |
---------------+----------+-----
Crossbows      | 6 7 |  7.5
Fighting       | |  2.1
Dodging        | |  2.4
Stealth        | |  1.3

Action                   |  1- 3 |  4- 6 || total
-------------------------+-------+-------++-------
 Fire: Hand crossbow     |    38 |    25 ||    63
  Use: Scroll            |     4 |     1 ||     5
Armor: Leather armour    |     1 |       ||     1
       Ring mail         |     1 |     6 ||     7
Dodge: Dodged            |     5 |    10 ||    15

Table legend: (Time is in decaauts)
 A = Elapsed time spent in this place.
 B = Non-inter-level travel time spent in this place.
 C = Inter-level travel time spent in this place.
 D = Time resting spent in this place.
 E = Time spent auto-exploring this place.
 F = Levels seen in this place.
 G = Mean time per level.
                   A        B        C        D        E       F      G
               +--------+--------+--------+--------+--------+-----+--------+
         Total |   2128 |   2075 |     53 |      0 |   1849 |   3 |  709.3 |
       Dungeon |   2128 |   2075 |     53 |      0 |   1849 |   3 |  709.3 |
               +--------+--------+--------+--------+--------+-----+--------+

Top non-repeatable levels by time:
     D:2: 1019 daAuts
     D:1: 959 daAuts
     D:3: 150 daAuts
